 Dungeon Crawl Stone Soup version 0.21.1-76-ge1a4835 (webtiles) character file.

124 raph the Skirmisher (level 4, -2/41 HPs)
             Began as a Minotaur Abyssal Knight on Aug 20, 2018.
             Was a Believer of Lugonu.
             Succumbed to Sigmund's poison
             ... on level 3 of the Dungeon.
             The game lasted 00:04:01 (1724 turns).

raph the Skirmisher (Minotaur Abyssal Knight)       Turns: 1724, Time: 00:04:02

Health: -2/41      AC:  7    Str: 17    XL:     4   Next: 81%
Magic:  3/4        EV:  9    Int:  9    God:    Lugonu [**....]
Gold:   94         SH:  0    Dex: 10    Spells: 3/3 levels left

rFire    . . .     SeeInvis .   a - +1 falchion
rCold    . . .     Gourm    .   (no shield)
rNeg     . . .     Faith    .   h - +0 scale mail
rPois    .         Spirit   .   (helmet restricted)
rElec    .         Reflect  .   (no cloak)
rCorr    .         Harm     .   (no gloves)
MR       .....                  k - +0 pair of boots
Stlth    ..........             (no amulet)
HPRegen  0.13/turn              (no ring)
MPRegen  0.09/turn              (no ring)

@: lethally poisoned (-2 -> -28)
A: retaliatory headbutt, horns 2
a: Depart the Abyss, Bend Space, Renounce Religion


You were on level 3 of the Dungeon.
You worshipped Lugonu.
Lugonu was pleased with you.
You were not hungry.

You visited 1 branch of the dungeon, and saw 3 of its levels.
You visited the Abyss 1 time.

You collected 94 gold pieces.

Inventory:

Hand Weapons
 a - a +1 falchion (weapon)
 b - a +2 hunting sling of flaming
Missiles
 p - 83 stones (quivered)
 r - 12 sling bullets
Armour
 h - a +0 scale mail (worn)
 k - a +0 pair of boots (worn)
 q - a +0 large shield
Scrolls
 d - a scroll of fog {unknown}
 e - 4 scrolls of remove curse {unknown}
 i - a scroll of identify {unknown}
 o - a scroll of random uselessness {unknown}
Potions
 f - a potion of heal wounds {unknown}
 g - a potion of magic {unknown}
 l - 2 potions of lignification {unknown}
 m - a potion of curing {unknown}
 n - 2 potions of haste {unknown}
Books
 j - a book of Changes

   Spells                             Type                      Level
   a - Beastly Appendage              Transmutation                1
   b - Sticks to Snakes               Transmutation                2
   c - Spider Form                    Transmutation/Poison         3
   d - Ice Form                       Ice/Transmutation            4
   e - Blade Hands                    Transmutation                5
Comestibles
 c - 3 rations


   Skills:
 + Level 4.6 Fighting
 * Level 4.0 Long Blades
 + Level 3.1 Armour
 + Level 1.3 Dodging
 - Level 0.5 Stealth
 + Level 2.6 Invocations


You had 3 spell levels left.
You didn't know any spells.

Dungeon Overview and Level Annotations

Branches:
Dungeon (3/15)

Altars:
Dithmenos
Nemelex Xobeh

Annotations:
D:3 Sigmund


Innate Abilities, Weirdness & Mutations

You reflexively headbutt those who attack you in melee.
You have a pair of horns on your head.


Message History

You feel sick.
You hear some strange, mumbled words.
Something tries to affect you, but you resist.
Your +2 hunting sling of flaming bursts into flame!
b - a +2 hunting sling of flaming (weapon)
Something hits you.
* * * LOW HITPOINT WARNING * * *
You are more poisoned.
You are too injured to fight recklessly!
* * * LOW HITPOINT WARNING * * *
You feel sick.
Your +2 hunting sling of flaming stops flaming.
a - a +1 falchion (weapon)
* * * LOW HITPOINT WARNING * * *
You feel sick.
You hit the orc wizard.
You kill the orc wizard!
Lugonu accepts your kill.
Your Long Blades skill increases to level 4!
You die...

#.......#.#.#.########
##.#.#.#.#.#.#.#
...........#.#.###########
###.#.##..###..............
...#.....# #...###########
.########(###...######
.{..((.(.............
...........o.........
#####.#.#@###†#....[
#.#.#)###§#.##.# .
#?......# ## #.#...###
###...# ..#... ##.#..##
#.#... #.#....


You could see an orc.

Vanquished Creatures
  An orc wizard (D:3)
  4 adders (D:2)
  An ooze (D:2)
  4 dart slugs
  3 leopard geckos
  A bat (D:1)
  2 giant cockroaches
  7 goblins
  4 hobgoblins
  2 jackals (D:2)
  2 quokkas
  A ball python (D:1)
  3 frilled lizards
  7 kobolds
  A quokka skeleton (D:2)
  7 rats
50 creatures vanquished.

Notes
Turn   | Place    | Note
-------+----------+-------------------------------------------
     0 | Abyss:1  | raph the Minotaur Abyssal Knight began the quest for the Orb.
     0 | Abyss:1  | Reached XP level 1. HP: 19/19 MP: 1/1
    10 | Abyss:1  | Found a corrupted altar of Lugonu.
    15 | D:1      | Escaped the Abyss
    94 | D:1      | Reached XP level 2. HP: 18/27 MP: 2/2
   703 | D:2      | Reached XP level 3. HP: 33/33 MP: 3/3
   721 | D:2      | Reached ** piety under Lugonu
   734 | D:2      | Found a sparkling altar of Nemelex Xobeh.
   997 | D:2      | Found a shadowy altar of Dithmenos.
  1161 | D:2      | Reached XP level 4. HP: 39/40 MP: 4/4
  1703 | D:3      | Noticed Sigmund
  1722 | D:3      | HP: 1/41 [poisoned by Sigmund]
  1724 | D:3      | Succumbed to Sigmund's poison

Skill      XL: |  1  2  3  4 |
---------------+-------------+-----
Invocations    | 2 |  2.6
Fighting       | 4 |  4.6
Long Blades    | 3 4 |  4.0
Armour         | 3 |  3.1
Dodging        | |  1.3
Stealth        | |  0.5

Action                   |  1- 3 |  4- 6 || total
-------------------------+-------+-------++-------
Melee: Falchion          |    87 |    35 ||   122
       Headbutt          |    13 |     3 ||    16
 Fire: Hunting sling     |     4 |     2 ||     6
Invok: Bend Space        |       |     2 ||     2
 Stab: Distracted        |     1 |       ||     1
  Eat: Chunk             |     1 |     2 ||     3
Armor: Leather armour    |     3 |       ||     3
       Scale mail        |    38 |    18 ||    56
Dodge: Dodged            |    39 |    16 ||    55
       Rpst.: Falchion   |     9 |     5 ||    14
